 Dungeon Crawl Stone Soup version 0.19.0-2-gae57169 (webtiles) character file.

239 Medar the Grave Robber (level 6, 0/32 HPs)
             Began as a Human Necromancer on Nov 6, 2016.
             Slain by a water moccasin zombie (6 damage)
             ... in an ossuary.
             The game lasted 00:15:42 (3820 turns).

Medar the Grave Robber (Human Necromancer)          Turns: 3820, Time: 00:15:43

Health: 0/32       AC:  6    Str: 12    XL:     6   Next: 29%
Magic:  10/10      EV: 12    Int: 17    God:
Gold:   232        SH:  0    Dex: 13    Spells: 4 memorised, 2 levels left

rFire  . . .     SeeInvis .     A - +3 mace
rCold  + . .     Gourm    .     d - +0 robe
rNeg   . . .     Faith    .     (no shield)
rPois  .         Spirit   .     (no helmet)
rElec  .         Reflect  .     y - +2 cloak {MR+}
rCorr  .         Harm     .     f - +0 pair of gloves
MR     +....                    (no boots)
Stlth  ++........               q - amulet of magic regeneration
                                (no ring)
                                u - ring of protection from cold

@: mighty, very slightly contaminated, hasted, very quick
A: frail 2, weak 1
a: no special abilities


You were in an ossuary.
You were hungry.

You visited 1 branch of the dungeon, and saw 4 of its levels.
You also visited: Ossuary.

You collected 232 gold pieces.

Inventory:

Hand Weapons
 a - a +0 dagger of draining
 g - a +0 mace
 h - a +0 mace of protection
 A - a +3 mace (weapon)
 B - a +4 quarterstaff of chaos
Missiles
 m - 11 poisoned needles
Armour
 d - a +0 robe (worn)
 e - a +0 leather armour
 f - a +0 pair of gloves (worn)
 y - a +2 cloak of magic resistance (worn)
Magical Staves
 r - an uncursed staff of energy {!a}
 C - an uncursed staff of wizardry {!a}
Jewellery
 q - an amulet of magic regeneration (around neck)
 u - a ring of protection from cold (left hand)
Scrolls
 j - a scroll of noise
 k - a scroll of teleportation
 n - 2 scrolls of recharging
 o - a scroll of amnesia {unknown}
 t - a scroll of remove curse {unknown}
 v - a scroll of fog {unknown}
 x - a scroll of magic mapping {unknown}
Books
 b - a book of Necromancy

   Spells                             Type                      Level
   a - Pain                           Necromancy                   1
   b - Animate Skeleton               Necromancy                   1
   c - Vampiric Draining              Necromancy                   3
   d - Regeneration                   Charms/Necromancy            3
   e - Animate Dead                   Necromancy                   4
   f - Control Undead                 Necromancy                   4
Comestibles
 c - 2 bread rations {@e1}
 p - a meat ration {@e2}
 s - 2 slices of pizza


   Skills:
 - Level 2.0 Short Blades
 - Level 2.0 Dodging
 - Level 2.0 Stealth
 + Level 3.3 Spellcasting
 + Level 6.0 Necromancy


You had 2 spell levels left.
You knew the following spells:

 Your Spells              Type           Power        Failure   Level  Hunger
c - Vampiric Draining     Necr           ###.......   6%          3    ###....
s - Animate Dead          Necr           N/A          17%         4    ####...
x - Pain                  Necr           ###.         1%          1    None
S - Animate Skeleton      Necr           N/A          1%          1    None


Dungeon Overview and Level Annotations

Branches:
Dungeon (4/15)
 Temple: D:4-7

Altars:
Ru

Shops:
D:4 ?


Innate Abilities, Weirdness & Mutations

You are very frail. (-20% HP)
You are weak. (Str -2)


Message History

The water moccasin zombie bites you but does no damage.
An arrow hits the kobold zombie!
You sock the water moccasin zombie!
The water moccasin zombie is almost destroyed.
The water moccasin zombie bites you.
* * * LOW HITPOINT WARNING * * *
You hit the water moccasin zombie.
The water moccasin zombie is almost destroyed.
The water moccasin zombie bites you but does no damage.
An arrow hits the orc zombie!
You closely miss the water moccasin zombie.
The water moccasin zombie is almost destroyed.
The water moccasin zombie misses you.
You completely miss the water moccasin zombie.
The water moccasin zombie is almost destroyed.
The kobold zombie completely misses you.
An arrow hits the orc zombie!
The orc zombie is destroyed!
The water moccasin zombie bites you.
You die...

#.^.# #..^#
#.^^# #.^.#
##'## #^^.#
#ZZ^##### ###
#^@.#...#!!!!#
#^..'.∩.#!$/!+
#∩..#...#?!!?#
######### ####


You could see a water moccasin zombie and a kobold zombie.

Vanquished Creatures
  Crazy Yiuf (D:3)
  A hound skeleton (D:4)
  5 adders
  4 gnolls (D:3)
  A river rat (D:3)
  An ooze (D:1)
  An adder zombie (Ossuary)
  4 worms
  A dart slug (D:1)
  5 leopard geckos
  An orc (D:3)
  6 bats
  6 giant cockroaches
  5 goblins
  9 hobgoblins
  4 jackals (D:2)
  3 ball pythons
  3 frilled lizards (D:1)
  A goblin zombie (D:4)
  A jackal skeleton (D:3)
  9 kobolds
  An orc zombie (Ossuary)
  8 rats
81 creatures vanquished.

Vanquished Creatures (collateral kills)
  A kobold (D:2)
1 creature vanquished.

Vanquished Creatures (others)
  An orc zombie (Ossuary)
1 creature vanquished.

Grand Total: 83 creatures vanquished

Notes
Turn   | Place    | Note
-------+----------+-------------------------------------------
     0 | D:1      | Medar the Human Necromancer began the quest for the Orb.
     0 | D:1      | Reached XP level 1. HP: 13/13 MP: 3/3
     2 | D:1      | Learned a level 1 spell: Animate Skeleton
   107 | D:1      | Reached XP level 2. HP: 19/19 MP: 3/5
   857 | D:2      | Reached XP level 3. HP: 23/24 MP: 3/6
   885 | D:2      | Reached skill level 1 in Short Blades
   903 | D:2      | Learned a level 3 spell: Vampiric Draining
  1091 | D:2      | Reached XP level 4. HP: 15/30 MP: 5/7
  1454 | D:2      | Reached skill level 5 in Necromancy
  2322 | D:3      | Found a runed door.
  2473 | D:3      | Found a sacrificial altar of Ru.
  2533 | D:3      | Reached XP level 5. HP: 31/35 MP: 8/8
  3017 | D:3      | Learned a level 4 spell: Animate Dead
  3354 | D:3      | Noticed Crazy Yiuf
  3359 | D:3      | Killed Crazy Yiuf
  3359 | D:3      | Reached XP level 6. HP: 27/41 MP: 3/10
  3503 | D:4      | Found Hicoilir's Magic Scroll Shop.
  3572 | D:4      | Found a sand-covered staircase.
  3694 | Ossuary  | Entered an ossuary
  3799 | Ossuary  | Reached skill level 6 in Necromancy
  3813 | Ossuary  | Gained mutation: You are weak. (Str -2) [potion of mutation]
  3813 | Ossuary  | Gained mutation: You are frail. (-10% HP) [potion of mutation]
  3813 | Ossuary  | Gained mutation: You are very frail. (-20% HP) [potion of mutation]
  3820 | Ossuary  | Slain by a water moccasin zombie

Skill      XL: |  1  2  3  4  5  6 |
---------------+-------------------+-----
Short Blades   | 1 2 |  2.0
Necromancy     | 5 6 |  6.0
Spellcasting   | 3 |  3.3
Dodging        | |  2.0
Stealth        | |  2.0

Action                   |  1- 3 |  4- 6 || total
-------------------------+-------+-------++-------
Melee: Mace              |     9 |    31 ||    40
       Dagger            |    35 |    77 ||   112
 Cast: Pain              |    36 |    88 ||   124
       Animate Skeleton  |     1 |     5 ||     6
       Vampiric Draining |       |    10 ||    10
       Animate Dead      |       |     2 ||     2
  Use: Scroll            |       |     5 ||     5
       Potion            |       |     3 ||     3
 Stab: Sleeping          |     3 |     3 ||     6
  Eat: Chunk             |     1 |    11 ||    12
Armor: Leather armour    |     8 |       ||     8
       Robe              |     6 |    26 ||    32
Dodge: Dodged            |    29 |    70 ||    99
